 Dungeon Crawl Stone Soup version 0.22-a0-247-gbddf880 (webtiles) character file.

25 mortelune the Skirmisher (level 2, -2/24 HPs)
             Began as a Demonspawn Abyssal Knight on Feb 24, 2018.
             Was a Believer of Lugonu.
             Splashed by a jelly's acid (8 damage)
             ... on level 2 of the Dungeon.
             The game lasted 00:03:16 (1183 turns).

mortelune the Skirmisher (DsAK)                     Turns: 1183, Time: 00:03:16

Health: -2/24      AC:  1    Str: 12    XL:     2   Next: 86%
Magic:  3/3        EV: 10    Int: 13    God:    Lugonu [**....]
Gold:   117        SH:  0    Dex: 12    Spells: 1/1 levels left

rFire    . . .     SeeInvis .   a - +1 falchion
rCold    . . .     Gourm    .   (no shield)
rNeg     . . .     Faith    .   b - +0 leather armour
rPois    .         Spirit   .   (no helmet)
rElec    .         Reflect  .   (no cloak)
rCorr    .         Harm     .   (no gloves)
MR       .....                  (no boots)
Stlth    +.........             (no amulet)
HPRegen  0.08/turn              k - ring of flight
MPRegen  0.08/turn              (no ring)

@: corroded, heavily drained
A: thin metallic scales 1
a: Depart the Abyss, Bend Space, Renounce Religion, Evoke Flight


You were on level 2 of the Dungeon.
You worshipped Lugonu.
Lugonu was pleased with you.
You were not hungry.

You visited 1 branch of the dungeon, and saw 2 of its levels.
You visited the Abyss 1 time.

You collected 117 gold pieces.

Inventory:

Hand Weapons
 a - a +1 falchion (weapon)
Armour
 b - a +0 leather armour (worn)
Jewellery
 k - a ring of flight (left hand)
Scrolls
 e - a scroll of immolation
 f - a scroll of amnesia
 g - 2 scrolls of teleportation
 i - a scroll of random uselessness {unknown}
 m - a scroll of fog {unknown}
 n - 2 scrolls of noise {unknown}
 o - 2 scrolls of identify
 p - a scroll of remove curse {unknown}
Potions
 d - a potion of heal wounds {unknown}
 h - a potion of curing
 j - a potion of agility
 q - 2 potions of flight {unknown}
Comestibles
 c - 3 rations
 l - 2 chunks of flesh


   Skills:
 + Level 3.3(2.0) Fighting
 * Level 2.5(1.3) Long Blades
 + Level 2.1(0.9) Armour
 - Level 0.8(0.0) Dodging
 - Level 2.4(1.2) Invocations


You had one spell level left.
You didn't know any spells.

Dungeon Overview and Level Annotations

Branches:
Dungeon (2/15)

Altars:
Fedhas

Annotations:
D:2 exclusion: oklob plant


Innate Abilities, Weirdness & Mutations

You are partially covered in thin metallic scales. (AC +2)


Message History

You butcher the frilled lizard corpse.
l - 2 chunks of flesh (gained 1)
A jelly comes into view.
There is an escape hatch in the floor here.
You hit the jelly.
Your hands burn!
The jelly is moderately wounded.
The jelly misses you.
You riposte.
You hit the jelly.
The jelly is severely wounded.
You hit the jelly.
Your hands burn!
The jelly is almost dead.
The jelly misses you. The jelly barely misses you.
You hit the jelly. The acid corrodes you!
Your hands burn!
The jelly is almost dead.
The jelly completely misses you.
You hit the jelly but do no damage.
Your hands burn!
The jelly is almost dead.
The jelly hits you.
* * * LOW HITPOINT WARNING * * *
You are splashed with acid!
The acid burns!
You die...

#.. ##.## #. #.. #.# #>
. ##.# ##.# #.
..#########..# #..# #.
.......#.....###.######.
.................##.....
...............####.##..
...............###..##.#
......J@...........##..#
........>......##.......
..........(((<.####.####
#...............##..# #
##.....#......#.##.## #
#######.##...#.##.# #
#.#..#......#
#...##......#
#..###......#


You could see a jelly.

Vanquished Creatures
  2 dart slugs (D:1)
  A leopard gecko (D:1)
  A giant cockroach (D:1)
  3 goblins (D:1)
  A hobgoblin (D:1)
  7 bats
  4 frilled lizards
  2 kobolds
  2 rats
23 creatures vanquished.

Notes
Turn   | Place    | Note
-------+----------+-------------------------------------------
     0 | Abyss:1  | mortelune the Demonspawn Abyssal Knight began the quest for the Orb.
     0 | Abyss:1  | Reached XP level 1. HP: 18/18 MP: 2/2
     8 | Abyss:1  | Found a corrupted altar of Lugonu.
    53 | Abyss:1  | Noticed a thrashing horror
    55 | D:1      | Escaped the Abyss
   254 | D:1      | Gained mutation: You are partially covered in thin metallic scales. (AC +2) [demonic ancestry]
   254 | D:1      | Reached XP level 2. HP: 24/24 MP: 3/3
  1028 | D:2      | Found a blossoming altar of Fedhas.
  1041 | D:2      | Noticed an oklob plant
  1159 | D:2      | Reached ** piety under Lugonu
  1183 | D:2      | Splashed by a jelly's acid

Vault maps used:
D:1:      mrwooster_arrival_arrow
D:2:      tgw_fedhas, zin_scriptorium
Abyss:1:  abyss_greek_temple

Skill      XL: |  1 |
---------------+----+-----
Long Blades    | 2 |  2.5
Armour         | 2 |  2.1
Fighting       | |  3.3
Dodging        | |  0.8
Invocations    | |  2.4

Action                   || total
-------------------------++-------
Melee: Falchion          ||    59
  Use: Scroll            ||     5
 Stab: Distracted        ||     1
  Eat: Chunk             ||     1
Armor: Leather armour    ||    31
Dodge: Dodged            ||    50
       Rpst.: Falchion   ||    23

Table legend:
 A = Spawn XP
 B = Non-spawn XP
 C = Spawn XP percentage of total XP
 D = Spawn monster count
 E = Non-spawn monster count
 F = Spawn count percentage of total count
 G = Total turns spent on level
                    A         B        C        D         E        F      G
               +---------+---------+-------+---------+---------+-------+---------
         Total |       0 |      37 |   0.0 |       0 |      23 |   0.0 |  1183
               +---------+---------+-------+---------+---------+-------+---------
           D:1 |       0 |      28 |   0.0 |       0 |      15 |   0.0 |   769
           D:2 |       0 |       9 |   0.0 |       0 |       8 |   0.0 |   359
               +---------+---------+-------+---------+---------+-------+---------
